 Dungeon Crawl Stone Soup version 0.16.2-12-gd0ad4c3 (webtiles) character file.

212 schauveau the Digger (level 5, -2/28 HPs)
             Began as a Gargoyle Earth Elementalist on Oct 31, 2015.
             Slain by an iguana (10 damage)
             ... on level 4 of the Dungeon.
             The game lasted 00:12:23 (3706 turns).

schauveau the Digger (Gargoyle Earth Elementalist)  Turns: 3706, Time: 00:12:23

Health: -2/28      AC:  8    Str: 12    XL:     5   Next: 89%
Magic:  10/13      EV: 12    Int: 16    God:
Gold:   238        SH:  0    Dex: 10    Spells: 2 memorised, 9 levels left

rFire  . . .     SeeInvis .     h - +0 flail
rCold  . . .     Clarity  .     l - +0 robe
rNeg   + . .     SustAb   .     (no shield)
rPois  ∞         Gourm    .     (no helmet)
rElec  +         Spirit   .     (no cloak)
rCorr  .         Warding  .     f - +1 pair of gloves
rMut   .         Stasis   .     (no boots)
MR     +....                    (no amulet)
Stlth  ++........               (no ring)
                                n - ring of protection from magic

@: somewhat resistant to hostile enchantments, unstealthy
A: negative energy resistance 1, electricity resistance, unbreathing,
petrification resistance, rot immunity, AC +4
a: no special abilities


You were on level 4 of the Dungeon.
You were not hungry.

You visited 1 branch of the dungeon, and saw 4 of its levels.

You collected 238 gold pieces.

Inventory:

Hand weapons
 a - a +0 mace
 h - a +0 flail (weapon)
Missiles
 b - 56 stones (quivered)
 i - 13 poisoned needles
Armour
 f - a +1 pair of gloves (worn)
 l - a +0 robe (worn)
 m - a +0 pair of gloves
Jewellery
 n - a ring of protection from magic (left hand)
Scrolls
 e - a scroll of random uselessness {unknown}
 k - a scroll of identify
 s - 2 scrolls of remove curse
Books
 d - a book of Geomancy

   Spells                             Type                      Level
   a - Sandblast                      Earth                        1
   b - Stoneskin                      Transmutation/Earth          2
   c - Passwall                       Transmutation/Earth          3
   d - Stone Arrow                    Conjuration/Earth            3
   e - Petrify                        Transmutation/Earth          4
   f - Lee's Rapid Deconstruction     Earth                        5
Comestibles
 c - 2 chunks of flesh
 g - a beef jerky
 j - 2 bread rations
 o - 6 fruits


   Skills:
 - Level 1.5 Dodging
 - Level 2.1 Stealth
 * Level 4.5 Spellcasting
   Level 0.7 Transmutations
 + Level 5.3 Earth Magic


You had 9 spell levels left.
You knew the following spells:

 Your Spells              Type           Power        Failure   Level  Hunger
a - Sandblast             Erth           ###...       1%          1    None
b - Stone Arrow           Conj/Erth      ##....       17%         3    ###....


Dungeon Overview and Level Annotations

Branches:
Dungeon (4/15)
 Temple: D:4-7

Altars:
Trog
Zin

Annotations:
D:3 Britaniac's ghost, average NaTm; Terence


Innate Abilities, Weirdness & Mutations

You are resistant to torment.
You are immune to poison.
Your stone body is very resilient (AC +4).
You resist negative energy.
You are resistant to electric shocks.
You can survive without breathing.
You are immune to petrification.
You are immune to rotting.


Message History

The iguana misses you.
You closely miss the iguana.
The iguana is moderately wounded.
The iguana bites you.
* * * LOW HITPOINT WARNING * * *
You hit the iguana.
The iguana is severely wounded.
The iguana bites you but does no damage.
Casting: Sandblast
Confirm with . or Enter, or press ? or * to list all spells.
Aiming: Sandblast
Press: ? - help, Shift-Dir - straight line, f/p - iguana
Aim: an iguana (severely wounded)
The blast of sand hits the iguana.
The iguana is severely wounded.
The iguana bites you but does no damage.
You hit the iguana.
The iguana is almost dead.
The iguana bites you!
You die...

### #@# #l# #.
#o# +..#####o#
###.....<#.#####
...............#
........o......#
#...l.........#
.......o.......


You could see an iguana and 2 orcs.

Vanquished Creatures
  Natasha (D:3)
  A worker ant (D:2)
  Jessica (D:3)
  4 adders
  A giant mite (D:3)
  2 worms (D:2)
  3 giant geckos
  2 oozes
  6 orcs (D:3)
  2 giant cockroaches
  12 goblins
  15 hobgoblins
  4 jackals (D:2)
  A quokka (D:2)
  A ball python (D:2)
  6 bats
  2 giant newts
  8 kobolds
  4 rats (D:1)
76 creatures vanquished.

Notes
Turn   | Place    | Note
--------------------------------------------------------------
     0 | D:1      | schauveau, the Gargoyle Earth Elementalist, began the quest for the Orb.
     0 | D:1      | Reached XP level 1. HP: 10/10 MP: 3/3
   581 | D:1      | Reached XP level 2. HP: 9/15 MP: 0/5
  1016 | D:3      | Noticed Britaniac's ghost (average NaTm)
  1043 | D:2      | Reached skill level 4 in Earth Magic
  1086 | D:2      | Reached XP level 3. HP: 19/19 MP: 3/6
  1182 | D:2      | Found a bloodstained altar of Trog.
  1290 | D:3      | Noticed Britaniac's ghost (average NaTm)
  1572 | D:2      | Reached XP level 4. HP: 10/24 MP: 6/9
  2478 | D:2      | Learned a level 3 spell: Stone Arrow
  2744 | D:2      | Reached XP level 5. HP: 23/28 MP: 8/12
  3071 | D:2      | Reached skill level 5 in Earth Magic
  3155 | D:4      | Noticed an ogre
  3434 | D:3      | Found a glowing silver altar of Zin.
  3440 | D:3      | Noticed Jessica
  3451 | D:3      | Killed Jessica
  3471 | D:3      | Noticed Terence
  3638 | D:3      | Noticed Natasha
  3652 | D:3      | Killed Natasha
  3706 | D:4      | Slain by an iguana

Action                   |  1- 3 |  4- 6 || total
-------------------------+-------+-------++-------
Melee: Unarmed           |     2 |       ||     2
       Mace              |    26 |    67 ||    93
       Flail             |       |    25 ||    25
 Cast: Sandblast         |    67 |    65 ||   132
  Use: Potion            |       |     5 ||     5
       Scroll            |       |     4 ||     4
  Eat: Chunk             |     2 |     8 ||    10
